 Dungeon Crawl Stone Soup version 0.24.1 (webtiles) character file.

Game seed: 10180230483754281458, levelgen mode: deterministic

210 mortelune the Insei (level 5, -3/27 HPs)
             Began as a Vine Stalker Transmuter on Mar 28, 2020.
             Killed by divine providence
             ... invoked by an orc priest
              (8 damage)
             ... on level 4 of the Dungeon.
             The game lasted 00:05:25 (3801 turns).

mortelune the Insei (Vine Stalker Transmuter)       Turns: 3801, Time: 00:05:26

Health: -3/27      AC:  3    Str: 14    XL:     5   Next: 88%
Magic:  0/18       EV: 12    Int: 13    God:
Gold:   233        SH:  0    Dex: 14    Spells: 5/8 levels left

rFire    . . .     SeeInvis .     - Unarmed
rCold    . . .     Gourm    .   (no shield)
rNeg     . . .     Faith    .   k - +0 leather armour
rPois    .         Spirit   +   (no helmet)
rElec    .         Reflect  .   (no cloak)
rCorr    .         Harm     .   (no gloves)
MR       +....                  (no boots)
Stlth    +.........             n - amulet of rage
HPRegen  0.49/turn              s - ring of protection from magic
MPRegen  0.16/turn              t - ring of magical power

@: no status effects
A: fangs 2, regeneration 1, magic shield, antimagic bite, no potion heal 3, rot
immunity
a: Evoke Berserk Rage


You were on level 4 of the Dungeon.
You were not hungry.

You visited 1 branch of the dungeon, and saw 4 of its levels.

You collected 233 gold pieces.

Inventory:

Missiles
 a - 4 arrows
Armour
 b - a +0 robe
 k - a +0 leather armour (worn)
Jewellery
 n - an amulet of rage (around neck)
 s - a ring of protection from magic (left hand)
 t - a ring of magical power (right hand)
Scrolls
 c - a scroll of enchant weapon {unknown}
 f - 6 scrolls of identify {unknown}
 g - 2 scrolls of fear {unknown}
 i - 3 scrolls of remove curse {unknown}
 l - 2 scrolls of fog {unknown}
 m - a scroll of magic mapping {unknown}
 o - a scroll of blinking {unknown}
 r - a scroll of teleportation {unknown}
Potions
 e - 2 potions of curing
 h - a potion of heal wounds {unknown}
 j - a potion of degeneration {unknown}
 p - a potion of magic {unknown}
 q - a potion of haste {unknown}
Comestibles
 d - 10 rations


   Skills:
 + Level 2.4 Fighting
 + Level 2.7 Dodging
 * Level 5.0 Unarmed Combat
 - Level 2.1 Spellcasting
 - Level 2.0 Transmutations


You had 5 spell levels left.
You knew the following spells:

 Your Spells              Type           Power        Failure   Level  Hunger
a - Beastly Appendage     Tmut           #.....       14%         1    ##.....
b - Sticks to Snakes      Tmut           #.......     22%         2    ###....

Your spell library contained the following spells:

 Spells                   Type           Power        Failure   Level  Hunger
 Spider Form              Tmut/Pois      #.........   54%         3    ####...
 Ice Form                 Ice/Tmut       #.......     91%         4    #####..
 Blade Hands              Tmut           #.........   98%         5    ######.


Dungeon Overview and Level Annotations

Branches:
Dungeon (4/15)
 Temple: D:4-7

Altars:
Elyvilon
Fedhas
Nemelex Xobeh

Annotations:
D:3 Sigmund
D:4 1 runed translucent door, CannibalFerox's ghost, amateur DgHu


Innate Abilities, Weirdness & Mutations

You have extremely sharp teeth.
Your natural rate of healing is unusually fast.
When hurt, damage is shared between your health and your magic reserves.
Your bite disrupts and absorbs the magic of your enemies.
Potions cannot restore your health.
You are immune to rotting.


Message History

The orc priest is lightly wounded.
The orc priest mumbles some strange prayers to Beogh against you.
Beogh smites you!
* * * LOW HITPOINT WARNING * * *
Something hits you but does no damage.
You closely miss the orc priest.
You bite the orc priest, but do no damage.
The orc priest is lightly wounded.
The orc priest hits you with a +0 short sword.
* * * LOW HITPOINT WARNING * * *
Something hits you.
* * * LOW HITPOINT WARNING * * *
You have no ailments to cure.
You have no ailments to cure.
You barely miss the orc priest.
You bite the orc priest, but do no damage.
The orc priest is lightly wounded.
The orc priest invokes the aid of Beogh against you.
Beogh smites you!
You die...

.. ..#
#..# #..#
#..# #%.#
#.)##
#o@##
##{.##
##..##
##..##
##..##
##..##
##.#..##
#......##
#.......##


You could see an orc priest.

Vanquished Creatures
  An ogre (D:4)
  A scorpion (D:4)
  An adder (D:2)
  4 worms
  2 dart slugs (D:2)
  A leopard gecko (D:3)
  4 orcs (D:4)
  2 giant cockroaches
  6 goblins
  3 hobgoblins (D:1)
  8 kobolds
  A ball python (D:2)
  5 bats
  5 frilled lizards
  9 rats
53 creatures vanquished.

Vanquished Creatures (collateral kills)
  A worker ant (D:2)
1 creature vanquished.

Grand Total: 54 creatures vanquished

Notes
Turn   | Place    | Note
-------+----------+-------------------------------------------
     0 | D:1      | mortelune the Vine Stalker Transmuter began the quest for
                  | the Orb.
     0 | D:1      | Reached XP level 1. HP: 9/9 MP: 4/4
    88 | D:1      | Reached skill level 1 in Fighting
   180 | D:1      | Reached XP level 2. HP: 14/14 MP: 6/6
   238 | D:1      | Learned a level 2 spell: Sticks to Snakes
   278 | D:1      | Found a white marble altar of Elyvilon.
   547 | D:1      | Reached XP level 3. HP: 18/18 MP: 5/7
  1837 | D:2      | Reached skill level 4 in Unarmed Combat
  1837 | D:2      | Gained mutation: Your natural rate of healing is unusually
                  | fast. [Vine Stalker growth]
  1837 | D:2      | Reached XP level 4. HP: 21/23 MP: 4/8
  2625 | D:2      | Found a blossoming altar of Fedhas.
  2820 | D:3      | Found a sparkling altar of Nemelex Xobeh.
  2999 | D:3      | Noticed Sigmund
  3206 | D:4      | Reached XP level 5. HP: 9/26 MP: 6/9
  3310 | D:4      | Noticed an ogre
  3327 | D:4      | Killed an ogre
  3545 | D:4      | Reached skill level 5 in Unarmed Combat
  3652 | D:4      | Found a runed translucent door.
  3652 | D:4      | Noticed CannibalFerox's ghost (amateur DgHu)
  3801 | D:4      | Killed from afar by an orc priest

Levels and vault maps discovered:
D:1:      minmay_arrival_widening_spiral_wide, layout_basic, minivault_5,
          minmay_hexomino_r4
D:2:      layout_basic, lemuel_round_altar, grunt_ministairs_6,
          grunt_decor_arrowhead
D:3:      layout_basic, first_ration, nemelex_lonely_heart_becter, uniq_sigmund
D:4:      layout_cave_pods, minmay_temple_entry_offerings, gammafunk_ghost_grave

Skill      XL: |  1  2  3  4  5 |
---------------+----------------+-----
Fighting       | 1 2 |  2.4
Dodging        | 2 |  2.7
Unarmed Combat | 4 5 |  5.0
Spellcasting   | |  2.1
Transmutations | |  2.0

Action                   |  1- 3 |  4- 6 || total
-------------------------+-------+-------++-------
Melee: Unarmed           |    76 |    86 ||   162
       Bite              |    13 |    31 ||    44
       Kick              |     7 |    12 ||    19
       Headbutt          |     1 |     2 ||     3
       Punch             |       |     2 ||     2
 Cast: Beastly Appendage |    16 |    17 ||    33
       Sticks to Snakes  |     2 |     6 ||     8
  Use: Potion            |     1 |     1 ||     2
  Eat: Chunk             |     3 |     5 ||     8
       Ration            |       |     1 ||     1
Armor: Robe              |     8 |       ||     8
       Leather armour    |     7 |    15 ||    22
Dodge: Dodged            |    67 |    39 ||   106
